 Dungeon Crawl Stone Soup version 0.25-a0-1133-g93ebf739aa (webtiles) character file.

Game seed: 13275264275556645426, levelgen mode: deterministic

115985 kae the Brawler (level 16, -5/149 HPs)
             Began as a Ghoul Gladiator on May 20, 2020.
             Was the Champion of Makhleb.
             Slain by a salamander
             ... wielding a +0 trident
              (11 damage)
             ... on level 1 of the Snake Pit.
             The game lasted 00:33:22 (28048 turns).

kae the Brawler (Ghoul Gladiator)                  Turns: 28048, Time: 00:33:23

Health: -5/149     AC: 18    Str: 27    XL:     16   Next: 70%
Magic:  0/25       EV: 14    Int:  1    God:    Makhleb [******]
Gold:   2673       SH:  0    Dex: 19    Spells: 15/15 levels left

rFire    . . .     SeeInvis +     - Unarmed
rCold    . . .     Gourm    .   (no shield)
rNeg     + + +     Faith    .   y - +2 swamp dragon scales
rPois    ∞         Spirit   +   M - +2 hat {SInv}
rElec    +         Reflect  .   V - +1 cloak {rCorr}
rCorr    +         Harm     .   R - +0 pair of gloves
MR       +....                  O - +0 pair of boots {run}
Stlth    +.........             r - amulet of guardian spirit
HPRegen  0.00/turn              S - ring of the Sparrow {+Fly rElec rPois Int-4 Dex+3 Slay+3}
MPRegen  0.19/turn              U - ring of Miguts Paadgh {rC- Str+4 Dex+6 Slay+6}

@: rotting, slowed, constricted, very slow
A: rotting body, claws 1, carnivore, cold resistance 1, negative energy
resistance 3, inhibited regeneration, torment resistance, unbreathing
a: Minor Destruction, Lesser Servant of Makhleb, Major Destruction, Greater
Servant of Makhleb, Renounce Religion, Evoke Flight


You were on level 1 of the Snake Pit.
You worshipped Makhleb.
Makhleb was exalted by your worship.
You were not hungry.

You visited 5 branches of the dungeon, and saw 25 of its levels.
You also visited: Gauntlet and Ice Cave.

You collected 2673 gold pieces.

Inventory:

Missiles
 c - 3 throwing nets (quivered)
Armour
 y - +2 swamp dragon scales (worn)
 E - a +2 pair of boots of flying
 M - a +2 hat of see invisible (worn)
 O - a +0 pair of boots of running (worn)
 R - a +0 pair of gloves (worn)
 V - a +1 cloak of preservation (worn)
Jewellery
 a - a +4 ring of protection
 r - an amulet of guardian spirit (around neck)
 t - a +6 ring of dexterity
 u - an uncursed amulet of magic regeneration
 C - the ring of Omny {Fire Str+4 Int+4}
   (You found it on level 6 of the Lair of Beasts)

   [ring of fire]

   It enhances your fire magic.
   It affects your strength (+4).
   It affects your intelligence (+4).
   It protects you from fire.
   It makes you vulnerable to cold.
 H - an uncursed ring of protection from cold
 J - an uncursed ring of ice
 L - a cursed ring of see invisible
 P - a +6 ring of dexterity
 S - the ring of the Sparrow (left hand) {+Fly rElec rPois Int-4 Dex+3 Slay+3}
   (You found it in a Gauntlet)

   [ring of flight]

   It affects your intelligence (-4).
   It affects your dexterity (+3).
   It affects your accuracy and damage with ranged weapons and melee attacks
   (+3).
   It insulates you from electricity.
   It protects you from poison.
   It lets you fly.
 U - the ring of Miguts Paadgh (right hand) {rC- Str+4 Dex+6 Slay+6}
   (You found it on level 2 of the Lair of Beasts)

   [ring of dexterity]

   It affects your strength (+4).
   It affects your dexterity (+6).
   It affects your accuracy and damage with ranged weapons and melee attacks
   (+6).
   It makes you vulnerable to cold.
Wands
 b - a wand of paralysis (8)
 k - a wand of acid (6)
 w - a wand of enslavement (9)
 A - a wand of flame (24)
 G - a wand of random effects (88)
 I - a wand of disintegration (30)
 N - a wand of iceblast (26)
Scrolls
 e - 5 scrolls of identify
 f - a scroll of fog
 i - a scroll of enchant armour
 n - 2 scrolls of magic mapping
 o - 15 scrolls of remove curse
 p - a scroll of blinking
 q - 3 scrolls of teleportation
 x - 6 scrolls of enchant weapon
 B - 4 scrolls of amnesia
 K - 3 scrolls of fear
Potions
 g - 3 potions of magic
 h - 3 potions of stabbing
 j - 15 potions of heal wounds
 l - 3 potions of cancellation
 m - 3 potions of resistance
 s - 8 potions of haste
 v - 4 potions of brilliance
 z - 4 potions of curing
 D - 3 potions of might
 F - 2 potions of ambrosia
Comestibles
 d - 59 rations
 Q - 9 chunks of flesh


   Skills:
 - Level 15.1 Fighting
 - Level 1.7 Throwing
 + Level 6.8 Armour
 + Level 7.4 Dodging
 - Level 20.3 Unarmed Combat
 - Level 14.0 Invocations


You had 15 spell levels left.
You didn't know any spells.
Your spell library contained the following spells:

 Spells                   Type           Power        Failure   Level  Hunger
 Apportation              Tloc           #.....       69%         1    ##.....
 Infusion                 Chrm           #...         69%         1    ##.....
 Magic Dart               Conj           #...         69%         1    ##.....
 Summon Butterflies       Summ           #.......     69%         1    ##.....
 Blink                    Tloc           N/A          83%         2    ###....
 Call Imp                 Summ           #.......     83%         2    ###....
 Corpse Rot               Necr/Air       N/A          83%         2    ###....
 Poisonous Vapours        Pois/Air       #.....       83%         2    ###....
 Searing Ray              Conj           #.....       83%         2    ###....
 Shroud of Golubria       Chrm/Tloc      #.....       83%         2    ###....
 Slow                     Hex            #.......     83%         2    ###....
 Song of Slaying          Chrm           #.......     83%         2    ###....
 Conjure Flame            Conj/Fire      #.......     96%         3    ####...
 Dazzling Flash           Conj/Hex       #.....       96%         3    ####...
 Lesser Beckoning         Tloc           #.........   96%         3    ####...
 Mephitic Cloud           Conj/Pois/Air  #.......     96%         3    ####...
 Ozocubu's Armour         Chrm/Ice       #.......     96%         3    ####...
 Spectral Weapon          Hex/Chrm       #.......     96%         3    ####...
 Stone Arrow              Conj/Erth      #.....       96%         3    ####...
 Tukima's Dance           Hex            #.......     96%         3    ####...
 Fulminant Prism          Conj/Hex       #.........   100%        4    #####..
 Iskenderun's Mystic Bla  Conj/Tloc      #.......     100%        4    #####..
 Leda's Liquefaction      Hex/Erth       #.........   100%        4    #####..
 Alistair's Intoxication  Tmut/Pois      #.......     100%        5    ######.
 Bolt of Magma            Conj/Fire/Erth #.........   100%        5    ######.
 Summon Forest            Summ/Tloc      #.........   100%        5    ######.
 Eringya's Noxious Bog    Tmut/Pois      #.........   100%        6    #######
 Freezing Cloud           Conj/Ice/Air   #.........   100%        6    #######
 Invisibility             Hex            #.......     100%        6    #######
 Iron Shot                Conj/Erth      #.........   100%        6    #######
 Ring of Flames           Chrm/Fire      #.........   100%        7    #######
 Summon Hydra             Summ           #.........   100%        7    #######
 Shatter                  Erth           #.........   100%        9    #######
 Hydra Form               Tmut           Unusable     N/A         6    N/A
 Statue Form              Tmut/Erth      Unusable     N/A         6    N/A

Dungeon Overview and Level Annotations

Branches:
Dungeon (15/15)            Temple (1/1) D:6            Lair (6/6) D:11
  Swamp (0/4) Lair:3        Snake (1/4) Lair:2        Slime (0/5) Lair:6
    Orc (2/2) D:9             Elf (0/3) Orc:2        Vaults (0/5) D:14
 Depths (0/5) D:15          IceCv (visited)         Gauntlet (visited)

Altars:
Ashenzari
Cheibriados
Dithmenos
Elyvilon
Fedhas
Gozag
Hepliaklqana
Kikubaaqudgha
Makhleb
Nemelex Xobeh
Okawaru
Qazlal
Ru
Sif Muna
Trog
Uskayaw
Vehumet
Wu Jian
Xom
Yredelemnul
Zin
The Shining One
Beogh
Jiyva

Shops:
D:8 (   Orc:2 :(*[   Snake:1 (

Annotations:
D:4 2 runed translucent doors, alja1234's ghost, amateur KoSu
D:8 exclusion: statue
D:9 1 runed translucent door
D:12 1 runed translucent door, HYPERHYPER's ghost, novice DDFi
Lair:4 1 runed translucent door


Innate Abilities, Weirdness & Mutations

Your body is rotting away.
You thrive on raw meat.
You are immune to poison.
You have sharp fingernails.
You are carnivorous and can eat meat at any time.
Your flesh is cold resistant. (rC+)
You are immune to negative energy. (rN+++)
You do not regenerate when monsters are visible.
You are immune to unholy pain and torment.
You can survive without breathing.


Message History

* * * LOW HITPOINT WARNING * * *
You are engulfed in flames!
* * * LOW HITPOINT WARNING * * *
You barely miss the naga warrior.
The naga warrior is moderately wounded.
The naga warrior hits you but does no damage.
* * * LOW HITPOINT WARNING * * *
The naga warrior constricts you.
You pummel the naga warrior!!
The naga warrior is heavily wounded.
The salamander completely misses you.
The salamander hits you but does no damage.
The naga warrior closely misses you. The naga warrior constricts you.
The naga warrior blocks your attack.
The naga warrior is heavily wounded.
The salamander hits you but does no damage.
The salamander hits you from afar with a +0 trident.
* * * LOW HITPOINT WARNING * * *
You are engulfed in flames!
You die...

..#......#./...
.............#
#...........###
...............
..###...//.N....
##
....$.NNN######.
.. ..###.NNN#
.## ......##N#
... .....# #@##
### ...N. #..###
# .#...#
#....### #
##...##.##...# #
#....(##...#
..##....##...#
##
#........#.###
##. ..#.......#
#.. ..#...>#..#
###.#


You could see 2 naga warriors, 2 salamanders, a naga mage (fast) and a naga.

Vanquished Creatures
  An orc warlord (Orc:2)
  A minotaur (Gauntlet)
  Fannar (Lair:2)
  A fire dragon (Lair:6)
  8 vault guards (D:14)
  Josephine (Orc:1)
  10 hydras
  A rakshasa (D:15)
  A naga warrior (Snake:1)
  Erica (D:9)
  3 anacondas (Snake:1)
  3 centaur warriors
  8 death yaks
  8 two-headed ogres
  An orc high priest (Orc:2)
  A shock serpent (Snake:1)
  Sonja (D:13)
  A skeletal warrior (D:11)
  2 fire crabs (Gauntlet)
  A death drake (shapeshifter) (Gauntlet)
  A naga ritualist (Snake:1)
  2 unseen horrors
  A swamp dragon (Lair:6)
  An unseen horror (shapeshifter) (D:15)
  An orange crystal statue (Gauntlet)
  A lindwurm (Lair:6)
  5 orc knights
  2 orc sorcerers (Orc:2)
  3 ugly things (D:15)
  An oklob plant (Gauntlet)
  2 deep elf magi (D:15)
  A salamander (shapeshifter) (D:15)
  A salamander (Snake:1)
  3 cyclopes
  A manticore (D:14)
  A guardian serpent (Snake:1)
  8 black mambas
  The ghost of Cleanse the Covert, a novice OpAs of Hepliaklqana (D:7)
  2 ice statues (IceCv)
  Maggie (D:9)
  Maurice (D:13)
  12 spiny frogs
  6 centaur skeletons
  8 komodo dragons
  2 kobold demonologists (D:14)
  5 rime drakes
  11 ice devils (IceCv)
  An efreet (D:15)
  3 meliai (D:13)
  A queen bee (D:7)
  9 polar bears (Lair:6)
  4 trolls
  A hornet (D:7)
  6 dream sheep (Lair:6)
  6 slime creatures
  9 blink frogs
  A hippogriff (shapeshifter) (Gauntlet)
  24 hippogriffs
  A spriggan (D:9)
  A vampire (D:15)
  Eustachio (D:5)
  A spriggan (shapeshifter) (Gauntlet)
  7 wraiths
  A shadow (D:12)
  A wyvern (shapeshifter) (Gauntlet)
  12 basilisks
  52 yaks
  8 fire bats (Gauntlet)
  7 wyverns
  A hungry ghost (D:15)
  A steam dragon (Lair:6)
  10 wargs
  Menkaure (D:5)
  5 nagas
  8 soldier ants
  4 acid dragons
  21 hell hounds
  9 water moccasins
  6 ice beasts
  8 porcupines
  2 swamp drakes (Lair:6)
  28 orc warriors
  7 sky beasts
  12 black bears
  A phantom (D:7)
  2 eyes of draining
  4 necrophages (D:7)
  20 centaurs
  10 ogres
  2 boggarts (D:15)
  19 wolves
  12 crocodiles
  2 big kobolds
  23 bullfrogs
  Blork the orc (Orc:2)
  7 scorpions
  25 killer bees
  18 wights
  4 howler monkeys
  3 electric eels
  A troll skeleton (D:7)
  2 bullfrog zombies
  5 centaur zombies
  10 crimson imps
  3 human zombies (D:7)
  19 orc priests
  4 hounds
  3 jellies
  2 human skeletons (D:7)
  8 iguanas
  27 orc wizards
  12 worker ants
  A hound zombie (D:7)
  A hound skeleton (D:5)
  A howler monkey skeleton (D:10)
  13 adders
  3 shadow imps
  5 white imps (IceCv)
  2 oozes
  9 ufetubi (IceCv)
  An adder zombie (D:5)
  2 adder skeletons
  2 worms
  2 dart slugs
  3 leopard geckos
  77 orcs
  2 ball pythons
  A giant cockroach (D:8)
  6 goblins
  A hobgoblin (D:3)
  7 jackals
  4 quokkas
  5 bats
  A frilled lizard (D:5)
  20 kobolds
  A quokka skeleton (D:5)
  4 rats
  A fungus (Lair:2)
  2 plants
845 creatures vanquished.

Vanquished Creatures (collateral kills)
  A death knight (D:11)
  A yak (D:10)
2 creatures vanquished.

Vanquished Creatures (others)
  A reaper (IceCv)
  A boggart (D:15)
  A white imp (IceCv)
  5 ufetubi (IceCv)
  A bush (D:14)
  27 fungi
  18 plants
  8 toadstools (Lair:4)
62 creatures vanquished.

Grand Total: 909 creatures vanquished

Notes
Turn   | Place    | Note
-------+----------+-------------------------------------------
     0 | D:1      | kae the Ghoul Gladiator began the quest for the Orb.
     0 | D:1      | Reached XP level 1. HP: 17/17 MP: 0/0
   325 | D:1      | Reached XP level 2. HP: 24/24 MP: 1/1
   905 | D:2      | Reached skill level 4 in Unarmed Combat
  1043 | D:2      | Reached XP level 3. HP: 30/30 MP: 2/2
  1521 | D:3      | Reached XP level 4. HP: 38/38 MP: 3/3
  1685 | D:3      | Found a sacrificial altar of Ru.
  2068 | D:3      | Reached skill level 5 in Unarmed Combat
  2516 | D:4      | Found an iron altar of Okawaru.
  2586 | D:4      | Found a runed translucent door.
  2603 | D:4      | Found a glowing silver altar of Zin.
  2603 | D:4      | Noticed an angel
  2604 | D:4      | Found a shimmering altar of Xom.
  2621 | D:4      | Reached XP level 5. HP: 38/44 MP: 4/4
  2678 | D:4      | Found a runed translucent door.
  2682 | D:4      | Noticed alja1234's ghost (amateur KoSu)
  2837 | D:5      | Entered Level 5 of the Dungeon
  2933 | D:5      | Reached skill level 6 in Unarmed Combat
  2939 | D:5      | Reached XP level 6. HP: 37/52 MP: 5/5
  3003 | D:5      | Noticed Eustachio
  3024 | D:5      | Killed Eustachio
  3024 | D:5      | Reached skill level 7 in Unarmed Combat
  3096 | D:5      | Reached XP level 7. HP: 60/60 MP: 6/6
  3173 | D:5      | Found a shimmering blue altar of Sif Muna.
  3248 | D:5      | Noticed Menkaure
  3267 | D:5      | Killed Menkaure
  3267 | D:5      | Reached skill level 5 in Fighting
  3355 | D:5      | Reached skill level 8 in Unarmed Combat
  3657 | D:5      | Reached XP level 8. HP: 70/70 MP: 7/7
  4088 | D:6      | Reached skill level 9 in Unarmed Combat
  4282 | D:6      | Noticed a hippogriff
  4294 | D:6      | Killed a hippogriff
  4370 | D:6      | Found a staircase to the Ecumenical Temple.
  4382 | Temple   | Entered the Ecumenical Temple
  4521 | Temple   | Became a worshipper of Makhleb the Destroyer
  4569 | D:6      | Reached skill level 1 in Invocations
  4774 | D:6      | Found a glowing golden altar of the Shining One.
  4775 | D:6      | Found a shadowy altar of Dithmenos.
  4831 | D:6      | Found a blossoming altar of Fedhas.
  4837 | D:6      | Found a hazy altar of Hepliaklqana.
  5053 | D:7      | Reached skill level 10 in Unarmed Combat
  5093 | D:7      | Noticed a hippogriff
  5163 | D:7      | Killed a hippogriff
  5163 | D:7      | Reached XP level 9. HP: 67/78 MP: 7/9
  5348 | D:7      | Found a transporter.
  5348 | D:7      | Found a transporter.
  5348 | D:7      | Noticed Cleanse's ghost (novice OpAs)
  5353 | D:7      | Noticed a queen bee
  5398 | D:7      | Noticed a hornet
  5829 | D:7      | Reached * piety under Makhleb
  5861 | D:7      | Reached skill level 11 in Unarmed Combat
  5870 | D:7      | Got a pair of slimy boots
  5881 | D:7      | Identified the +1 pair of boots of Darch {MR++ Regen+ Str+3
                  | Slay-4} (You found it on level 7 of the Dungeon)
  6032 | D:7      | Found a basalt altar of Yredelemnul.
  6574 | D:8      | Reached XP level 10. HP: 89/89 MP: 10/12
  6671 | D:8      | Found a radiant altar of Vehumet.
  6782 | D:8      | Reached skill level 12 in Unarmed Combat
  6782 | D:8      | Reached skill level 5 in Invocations
  6876 | D:8      | Found Haoc's Weapon Shoppe.
  7382 | D:8      | Reached ** piety under Makhleb
  7744 | D:9      | Noticed Erica
  7839 | D:9      | Found a stormy altar of Qazlal.
  8437 | D:10     | Entered Level 10 of the Dungeon
  8740 | D:10     | Reached skill level 13 in Unarmed Combat
  9100 | D:10     | Reached XP level 11. HP: 98/99 MP: 12/15
  9261 | D:10     | Reached *** piety under Makhleb
  9267 | D:10     | Reached skill level 10 in Fighting
  9606 | D:9      | Noticed Maggie
  9641 | D:9      | Found a runed translucent gate.
  9647 | D:9      | Found a runed translucent gate.
  9647 | D:9      | Found a runed translucent door.
  9657 | D:9      | Found the +9 staff of Olgreb {rPois∞}
  9658 | D:9      | Found a runed translucent door.
  9705 | D:9      | Noticed a two-headed ogre
  9716 | D:9      | Killed a two-headed ogre
 10283 | D:9      | Reached skill level 14 in Unarmed Combat
 10442 | D:9      | Noticed a two-headed ogre
 10451 | D:9      | Killed a two-headed ogre
 10747 | D:9      | Killed Erica
 10971 | D:9      | Found a white marble altar of Elyvilon.
 11087 | D:9      | Found a staircase to the Orcish Mines.
 11166 | D:9      | Killed Maggie
 11253 | D:9      | Reached **** piety under Makhleb
 11269 | D:9      | Found a runed translucent gate.
 11595 | D:7      | Reached XP level 12. HP: 109/110 MP: 17/17
 11613 | D:7      | Killed Cleanse's ghost
 11613 | D:7      | Reached skill level 15 in Unarmed Combat
 11801 | D:11     | Noticed a two-headed ogre
 11805 | D:11     | Killed a two-headed ogre
 11851 | D:11     | Noticed a centaur warrior
 11861 | D:11     | Killed a centaur warrior
 11955 | D:11     | Reached ***** piety under Makhleb
 12180 | D:11     | Found a staircase to the Lair.
 12273 | D:11     | Noticed a death knight
 13119 | D:11     | Killed a death knight
 13395 | Lair:1   | Entered Level 1 of the Lair of Beasts
 13514 | Lair:1   | Reached skill level 16 in Unarmed Combat
 13534 | Lair:1   | Reached skill level 10 in Invocations
 14035 | Lair:1   | Reached XP level 13. HP: 110/118 MP: 14/19
 14643 | Lair:2   | Got a clouded ruby amulet
 14785 | Lair:2   | Found a staircase to the Snake Pit.
 15064 | Lair:2   | Noticed Fannar
 15086 | Lair:2   | Killed Fannar
 15168 | Lair:2   | Got a crude marble ring
 15407 | Lair:2   | Identified the amulet "Himed" {Inacc +Fly rC- Int+9} (You
                  | found it on level 2 of the Lair of Beasts)
 15408 | Lair:2   | Identified the ring of Miguts Paadgh {rC- Str+4 Dex+6
                  | Slay+6} (You found it on level 2 of the Lair of Beasts)
 15516 | Lair:3   | Found a staircase to the Swamp.
 15553 | Lair:3   | Reached skill level 17 in Unarmed Combat
 16369 | Lair:4   | Noticed a dire elephant
 16391 | Lair:4   | Found a runed translucent door.
 17093 | Lair:5   | Found a gate leading to a gauntlet.
 17102 | Gauntlet | Entered a Gauntlet
 17102 | Gauntlet | Found a transporter.
 17118 | Gauntlet | Found a transporter.
 17119 | Gauntlet | Found a transporter.
 17119 | Gauntlet | Found a transporter.
 17127 | Gauntlet | Found a transporter.
 17130 | Gauntlet | Found a transporter.
 17131 | Gauntlet | Found a transporter.
 17140 | Gauntlet | Found a transporter.
 17142 | Gauntlet | Found a transporter.
 17143 | Gauntlet | Found a transporter.
 17149 | Gauntlet | Found a runed translucent gate.
 17149 | Gauntlet | Found a runed translucent gate.
 17151 | Gauntlet | Found a runed translucent gate.
 17151 | Gauntlet | Found a transporter.
 17154 | Gauntlet | Found a transporter.
 17155 | Gauntlet | Found a transporter.
 17166 | Gauntlet | Found a transporter.
 17437 | Gauntlet | Got a smoking iron ring
 17516 | Gauntlet | Reached XP level 14. HP: 129/129 MP: 7/21
 17530 | Gauntlet | Lost intelligence.
 17530 | Gauntlet | Identified the ring of the Sparrow {+Fly rElec rPois Int-4
                  | Dex+3 Slay+3} (You found it in a Gauntlet)
 17591 | Gauntlet | Lost intelligence.
 17655 | Lair:5   | Reached skill level 18 in Unarmed Combat
 17811 | Lair:5   | Reached ****** piety under Makhleb
 18409 | Lair:6   | Entered Level 6 of the Lair of Beasts
 18896 | Lair:6   | Found a staircase to the Slime Pits.
 18915 | Lair:6   | Got a crude copper ring
 19229 | Lair:6   | Reached skill level 19 in Unarmed Combat
 19692 | Lair:6   | Reached XP level 15. HP: 115/138 MP: 15/23
 19879 | Lair:6   | Identified the ring of Omny {Fire Str+4 Int+4} (You found
                  | it on level 6 of the Lair of Beasts)
 20002 | D:12     | Found a runed translucent door.
 20022 | D:12     | Found a frozen archway.
 20127 | IceCv    | Entered an ice cave
 20423 | IceCv    | Identified a +0 pair of boots of running (You found it in
                  | an ice cave)
 21092 | D:12     | Noticed HYPERHYPER's ghost (novice DDFi)
 21093 | D:12     | Identified the +5 trident "Zudyu" {vorpal, +Fly Dex+6}
 21733 | D:13     | Noticed Maurice
 21740 | D:13     | Killed Maurice
 22625 | D:13     | Noticed Sonja
 22635 | D:13     | Killed Sonja
 23271 | Orc:1    | Entered Level 1 of the Orcish Mines
 23297 | Orc:1    | Noticed Josephine
 23305 | Orc:1    | Killed Josephine
 23478 | Orc:1    | Reached skill level 20 in Unarmed Combat
 23863 | Orc:2    | Entered Level 2 of the Orcish Mines
 24292 | Orc:2    | Reached skill level 15 in Fighting
 24321 | Orc:2    | Noticed Blork the orc
 24323 | Orc:2    | Noticed an orc warlord
 24326 | Orc:2    | Found a roughly hewn altar of Beogh.
 24328 | Orc:2    | Killed Blork the orc
 24337 | Orc:2    | Killed an orc warlord
 24719 | Orc:2    | Found a staircase to the Elven Halls.
 24745 | Orc:2    | Found Diekluur's Antique Weapon Boutique.
 24862 | Orc:2    | Found Mupnymun's Antique Armour Boutique.
 24898 | Orc:2    | Found Etaep's General Store.
 25191 | Orc:2    | Found Egram's Book Boutique.
 25507 | D:14     | Reached skill level 1 in Armour
 25560 | D:14     | Reached XP level 16. HP: 149/149 MP: 18/25
 26012 | D:14     | Reached skill level 5 in Dodging
 26349 | D:14     | Found a gate to the Vaults.
 26533 | D:15     | Entered Level 15 of the Dungeon
 26712 | D:15     | Reached skill level 5 in Armour
 27311 | D:15     | Found a staircase to the Depths.
 27505 | D:15     | Found a blossoming altar of Fedhas.
 27834 | Snake:1  | Entered Level 1 of the Snake Pit
 27873 | Snake:1  | Found Zoil's Weapon Shop.
 28048 | Snake:1  | HP: 6/149 [salamander/+0 trident (3)]
 28048 | Snake:1  | Slain by a salamander

Illustrated notes

Levels and vault maps discovered:
D:1:      psy_arrival_terrarium, layout_loops_corners
D:2:      layout_basic, st_stairs_5, kennysheep_generic_room_11
D:3:      layout_basic, nicolae_overflow_hidden_temple
D:4:      layout_rooms, grunt_temple_overflow_order_and_chaos_1,
          okawaru_gym_becter, ebering_ghost_sewer_f, first_ration,
          kennysheep_windowed_goal
D:5:      layout_basic, marbit_many_paths, kennysheep_boxes, uniq_eustachio,
          uniq_menkaure
D:6:      layout_rooms, chequers_temple_overflow_statue_of_worship,
          amethyst_overflow_temple_binary, temple_fountains
D:7:      layout_gridville, lemuel_mausoleum_altar_yredelemnul,
          gammafunk_ghost_hive, grunt_ministairs_9
D:8:      layout_layer_cave, vehumet_statue, serial_shops, shop
D:9:      layout_small_grid, nicolae_overflow_crystal_walls,
          kennysheep_little_box, erik_orc_2, the_bakery,
          minmay_guarded_unrand_staff_of_olgreb, uniq_erica, uniq_maggie
D:10:     layout_stronghold
D:11:     layout_layer_cave, due_lair_maze_entry_diamond
D:12:     layout_cave_pods, ebering_ghost_funeral_grove,
          portal_ice_cave_entry_pillars_1, minmay_liquid_box
D:13:     layout_grid_maze, uniq_maurice, uniq_sonja
D:14:     layout_roguey [special_room_mythical_zoo], erik_vaults_2,
          serial_park_paths [serial_park_minivault_5x5_5]
D:15:     gammafunk_enter_depths_forms, layout_cave_pools,
          hangedman_decor_riveting, fedhas_altar_3
Temple:   pf_slime_end_temple
Lair:1:   layout_gridlike, beast_lair_carwin_8, lemuel_fruit_tree
Lair:2:   layout_loops_ring, guppyfry_snake_entry_island, uniq_fannar
Lair:3:   layout_regular_city, swamp_mist_pool, lemuel_old_faithful,
          grunt_megastairs_2
Lair:4:   gammafunk_lair_enchanted_lake, layout_hall_layers,
          nicolae_quartered_pool_medium, grunt_megastairs_5
Lair:5:   layout_roguey, gauntlet_entry_generic
Lair:6:   hangedman_lair_caniforms_friends, layout_regular_city,
          guppyfry_lair_end_dragon, slime_dummy
Snake:1:  layout_misc_corridors, serial_shops, nicolae_shop_crystal
Orc:1:    layout_caves, rock_pile, uniq_josephine
Orc:2:    grunt_orc_cross, layout_caves

Skill      XL: |  1  2  3  4  5  6  7  8  9 10 11 12 13 14 15 16 |
---------------+-------------------------------------------------+-----
Unarmed Combat | 4 5 6 7 8 10 11 13 14 16 17 19 20 | 20.3
Fighting       | 3 4 5 7 8 9 11 12 13 14 15 | 15.1
Invocations    | 2 4 6 8 10 11 12 14 | 14.0
Armour         | 2 6 |  6.8
Dodging        | 3 7 |  7.4
Throwing       | |  1.7

Action                   |  1- 3 |  4- 6 |  7- 9 | 10-12 | 13-15 | 16-18 || total
-------------------------+-------+-------+-------+-------+-------+-------++-------
Melee: Unarmed           |    94 |   111 |   256 |   785 |  1134 |   298 ||  2678
       Punch             |     2 |       |    17 |    49 |   140 |    45 ||   253
Invok: Minor Destruction |       |       |       |     2 |       |       ||     2
       Lesser Servant of |       |       |       |     2 |       |       ||     2
Evoke: Wand              |       |       |     1 |    10 |       |       ||    11
  Use: Scroll            |     6 |     4 |     4 |    17 |    16 |     1 ||    48
       Potion            |       |       |       |       |     2 |       ||     2
 Stab: Distracted        |       |       |       |     1 |       |       ||     1
       Sleeping          |       |       |       |       |     2 |       ||     2
       Invisible         |       |       |       |       |     1 |       ||     1
  Eat: Chunk             |     7 |     9 |    11 |    48 |    59 |    11 ||   145
Armor: Leather armour    |    33 |    43 |    77 |   112 |       |       ||   265
       Swamp dragon scal |       |       |       |   238 |   484 |   154 ||   876
Dodge: Dodged            |    47 |    70 |   102 |   408 |   635 |   167 ||  1429

Table legend:
 A = Non-vault XP
 B = Vault XP
 C = Vault XP percentage of total XP
 D = Non-vault monster count
 E = Vault monster count
 F = Vault count percentage of total count
                 A         B        C        D         E       F
            +---------+---------+-------+---------+---------+-------
      Total |   94400 |   71293 |  43.0 |     534 |     310 |  36.7
            +---------+---------+-------+---------+---------+-------
        D:1 |      22 |       0 |   0.0 |      13 |       0 |   0.0
        D:2 |      35 |      19 |  35.2 |      13 |       3 |  18.8
        D:3 |      45 |       0 |   0.0 |      13 |       0 |   0.0
        D:4 |     127 |       5 |   3.8 |       9 |       1 |  10.0
        D:5 |     559 |     447 |  44.4 |      18 |       3 |  14.3
        D:6 |     809 |       0 |   0.0 |      12 |       0 |   0.0
        D:7 |    1501 |    2548 |  62.9 |      22 |      28 |  56.0
        D:8 |    1125 |       0 |   0.0 |      14 |       0 |   0.0
        D:9 |    4641 |    4445 |  48.9 |      37 |      47 |  56.0
       D:10 |    3271 |       0 |   0.0 |      29 |       0 |   0.0
       D:11 |    6455 |    1293 |  16.7 |      35 |      11 |  23.9
       D:12 |    5541 |       0 |   0.0 |      30 |       0 |   0.0
       D:13 |    6879 |    1205 |  14.9 |      21 |       2 |   8.7
       D:14 |    6969 |   15423 |  68.9 |      30 |      33 |  52.4
       D:15 |    8142 |    4649 |  36.3 |      25 |       9 |  26.5
     Lair:1 |    3609 |    1940 |  35.0 |      19 |       6 |  24.0
     Lair:2 |    4454 |    1401 |  23.9 |      21 |       3 |  12.5
     Lair:3 |    6006 |    1098 |  15.5 |      28 |       2 |   6.7
     Lair:4 |    1159 |    1022 |  46.9 |       5 |       3 |  37.5
     Lair:5 |    4273 |       0 |   0.0 |      12 |       0 |   0.0
     Lair:6 |   13147 |   14113 |  51.8 |      37 |      72 |  66.1
    Snake:1 |    9468 |       0 |   0.0 |      17 |       0 |   0.0
      Orc:1 |    4523 |    1653 |  26.8 |      47 |       7 |  13.0
      Orc:2 |    1640 |    7648 |  82.3 |      27 |      33 |  55.0
      IceCv |       0 |    4876 | 100.0 |       0 |      27 | 100.0
   Gauntlet |       0 |    7508 | 100.0 |       0 |      20 | 100.0
            +---------+---------+-------+---------+---------+-------
